Map: Sequencer LE

Players

Nerchio - Winner!

  • Race: Zerg Zerg
  • Spawn Location: 7:00

Denver

  • Race: Zerg Zerg
  • Spawn Location: 1:00

Event: WCS Valencia 2017

VOD

Have the link to the VOD?

Description

Time

  • Played on: July 13, 2017, 1:08 p.m.
  • Length: 9:55

All games in this series

Show
View Real Time Build Order
Export as new Build Order

Nerchio Zerg - Winner!

Build Orders: Hatch First 

Get SALT Encoding   

  12  0:00  Drone  
  13  0:13  Overlord  
  13  0:17  Drone  
  14  0:31  Drone x2  
  14  0:34  Drone  
  17  0:52  Hatchery  
  17  0:55  Drone  
  17  0:58  Drone  
  18  1:08  Extractor  
  17  1:14  Spawning Pool  
  17  1:17  Drone  
  17  1:20  Drone  
  18  1:29  Drone  
  19  1:38  Overlord  
  19  1:50  Drone  
  20  2:00  Queen  
  20  2:01  Zergling x2  
  23  2:03  Queen  
  23  2:04  Drone  
  23  2:07  Metabolic Boost  
  26  2:11  Drone  
  26  2:14  Drone  
  28  2:23  Drone  
  28  2:25  Drone  
  30  2:37  Hatchery  
  30  2:42  Baneling Nest  
  28  2:44  Drone  
  28  2:45  Evolution Chamber  
  28  2:46  Drone  
  28  2:49  Drone  
  32  2:51  Drone  
  32  2:56  Overlord  
  32  2:59  Zergling x2  
  33  3:06  Drone  
  33  3:07  Drone  
  33  3:08  Drone  
  36  3:14  Drone  
  36  3:15  Drone  
  36  3:16  Drone x2  
  36  3:17  Drone  
  41  3:21  Overlord  
  41  3:27  Queen  
  41  3:29  Drone  
  41  3:33  Overlord  
  44  3:36  Overlord  
  44  3:40  Drone x2  
  46  3:42  Drone  
  46  3:44  Drone  
  46  3:46  Drone  
  49  3:49  Drone  
  49  3:51  Zerg Missile Weapons Level 1  
  49  3:52  Drone  
  49  3:53  Extractor  
  49  3:55  Drone  
  51  4:05  Drone x3  
  51  4:09  Lair  
  54  4:10  Overlord  
  54  4:11  Extractor  
  54  4:13  Drone x3  
  54  4:15  Drone  
  54  4:16  Drone  
  58  4:17  Drone  
  58  4:19  Drone x2  
  61  4:27  Roach Warren  
  61  4:28  Zergling x2  
  61  4:29  Zergling x4  
  63  4:37  Overlord  
  63  4:42  Drone  
  63  4:43  Drone x2  
  65  4:48  Extractor, Drone  
  65  4:49  Drone x3  
  68  4:52  Extractor  
  68  4:53  Extractor, Drone x3  
  68  4:54  Drone x4  
  68  4:58  Drone  
  68  4:59  Evolution Chamber  
  73  5:01  Drone  
  73  5:03  Drone  
  75  5:08  Glial Reconstitution  
  75  5:10  Drone x2  
  77  5:14  Overlord  
  77  5:17  Overlord  
  77  5:19  Roach x2  
  77  5:21  Roach  
  83  5:22  Roach  
  83  5:26  Hatchery  
  83  5:27  Zerg Ground Armor Level 1  
  84  5:28  Overseer  
  84  5:30  Roach  
  84  5:33  Roach x2  
  84  5:35  Roach  
  91  5:37  Roach  
  91  5:38  Roach  
  91  5:41  Burrow  
  95  5:47  Roach x4  
  100  5:50  Roach  
  100  5:51  Roach  
  100  5:54  Unknown, Overlord  
  100  5:55  Overlord  
  100  5:56  Overlord  
  104  5:59  Zerg Missile Weapons Level 2  
  104  6:04  Roach  
  104  6:07  Overlord x2  
  106  6:12  Roach x4  
  106  6:14  Roach  
  106  6:17  Roach x2  
  120  6:22  Roach x3  
  126  6:27  Tunneling Claws  
  126  6:28  Roach  
  126  6:29  Roach  
  126  6:32  Roach x2  
  134  6:35  Roach  
  134  6:36  Roach  
  134  6:37  Roach  
  134  6:39  Overlord  
  140  6:43  Roach x2  
  140  6:45  Roach  
  140  6:46  Roach  
  140  6:47  Overseer  
  148  6:49  Overlord  
  148  6:54  Unknown, Overlord x2  
  148  6:57  Roach  
  150  7:01  Roach x2  
  150  7:02  Roach x2  
  150  7:03  Roach  
  150  7:05  Overlord  
  160  7:09  Hydralisk Den  
  160  7:13  Roach x3  
  160  7:15  Roach  
  167  7:16  Roach  
  167  7:20  Roach x2  
  173  7:26  Roach x4  
  180  7:30  Roach  
  180  7:31  Roach  
  180  7:34  Drone x4  
  180  7:36  Overlord  
  186  7:41  Overlord x2  
  184  7:47  Roach x7  
  184  7:48  Hydralisk x3  
  184  7:51  Hydralisk, Roach x27  
  180  7:52  Hydralisk  
  180  7:54  Hydralisk  
  186  8:01  Roach x9  
  186  8:05  Hydralisk x4, Roach x5  
  182  8:06  Hydralisk, Roach x2  
  182  8:10  Hydralisk  
  182  8:11  Hydralisk  
  172  8:15  Roach x2  
  172  8:17  Roach x4  
  172  8:18  Roach  
  180  8:21  Roach  
  180  8:23  Roach  
  180  8:26  Roach  
  184  8:27  Roach  
  184  8:30  Roach x16  
  184  8:31  Roach x4  
  184  8:32  Roach  
  184  8:33  Roach  
  184  8:34  Hydralisk  
  184  8:35  Hydralisk  
  184  8:37  Hydralisk  
  182  8:42  Hydralisk  
  182  8:47  Infestation Pit, Roach x2  
  179  8:49  Hydralisk x2  
  179  8:50  Hydralisk  
  179  8:52  Roach x2  
  179  8:53  Hydralisk  
  175  8:58  Roach x3  
  179  9:04  Roach  
  179  9:06  Roach  
  179  9:08  Roach x2  
  179  9:09  Roach x2  
  181  9:12  Spine Crawler x2  
  181  9:13  Roach  
  181  9:16  Ravager  
  180  9:17  Ravager x2  
  180  9:18  Roach x3  
  180  9:22  Roach  
  184  9:29  Roach x2  
  184  9:30  Roach x2  
  184  9:31  Roach  
  188  9:32  Overseer  
  188  9:33  Roach x2  
  188  9:36  Roach  
Show
View Real Time Build Order
Export as new Build Order

Denver Zerg 

Build Orders: 3 Hatch before Pool 

Get SALT Encoding   

  12  0:01  Drone  
  13  0:12  Overlord  
  13  0:17  Drone  
  14  0:31  Drone x2  
  16  0:35  Drone  
  17  0:52  Hatchery  
  16  0:57  Drone  
  16  1:02  Extractor, Drone  
  18  1:20  Drone  
  19  1:30  Hatchery, Drone  
  19  1:43  Spawning Pool  
  19  1:46  Drone  
  19  1:50  Drone  
  20  1:54  Drone  
  21  2:02  Overlord  
  21  2:05  Drone  
  22  2:14  Drone  
  23  2:17  Drone  
  24  2:27  Drone  
  25  2:30  Queen x2  
  25  2:32  Zergling x2  
  25  2:37  Overlord  
  30  2:41  Drone  
  30  2:42  Drone  
  32  2:45  Queen  
  32  2:51  Drone x2  
  36  2:54  Drone x2  
  38  2:59  Drone  
  38  3:00  Extractor  
  38  3:05  Drone  
  38  3:06  Drone  
  38  3:08  Queen  
  38  3:12  Drone  
  43  3:17  Drone  
  43  3:18  Drone  
  43  3:19  Extractor  
  43  3:25  Drone x2  
  44  3:30  Evolution Chamber  
  44  3:33  Roach Warren  
  42  3:35  Drone x2  
  42  3:38  Overlord  
  44  3:43  Drone x4  
  44  3:48  Drone x2  
  50  3:52  Overlord  
  50  3:54  Overlord  
  50  4:05  Extractor, Drone x4  
  53  4:11  Drone  
  53  4:13  Zerg Missile Weapons Level 1  
  53  4:14  Drone x2  
  56  4:17  Drone x2  
  56  4:19  Drone x2  
  56  4:23  Lair  
  60  4:25  Drone x2  
  60  4:26  Drone  
  60  4:30  Extractor, Drone x2  
  60  4:31  Extractor  
  63  4:32  Drone  
  63  4:36  Overlord  
  64  4:41  Drone x3  
  64  4:42  Drone x2  
  64  4:44  Overlord  
  69  5:01  Overlord  
  69  5:02  Roach x2  
  69  5:03  Overlord  
  69  5:04  Hatchery  
  72  5:08  Roach x3  
  78  5:14  Roach  
  78  5:15  Roach  
  78  5:21  Glial Reconstitution  
  82  5:22  Evolution Chamber, Roach x3  
  87  5:29  Roach x2  
  87  5:30  Roach x2  
  87  5:33  Overlord  
  95  5:37  Overlord  
  95  5:38  Overseer  
  95  5:41  Drone  
  95  5:42  Overlord x2  
  96  5:46  Roach  
  98  5:52  Zerg Ground Armor Level 1  
  98  5:53  Hatchery  
  97  5:57  Spire, Drone  
  97  6:04  Roach  
  97  6:05  Roach x4  
  107  6:12  Roach  
  107  6:13  Roach x3  
  107  6:14  Overlord  
  115  6:22  Overlord x2  
  115  6:24  Roach x3  
  121  6:26  Pneumatized Carapace  
  121  6:28  Roach  
  123  6:35  Overlord  
  123  6:41  Tunneling Claws  
  123  6:42  Burrow  
  123  6:45  Zerg Missile Weapons Level 2  
  123  6:48  Roach  
  123  6:49  Roach x3  
  123  6:53  Roach x2  
  135  6:57  Roach x2  
  139  7:07  Roach  
  139  7:08  Roach x5  
  151  7:09  Overlord  
  151  7:14  Roach x2  
  155  7:17  Overlord  
  155  7:20  Roach x2  
  159  7:27  Overlord  
  157  7:32  Roach x6  
  159  7:41  Roach  
  159  7:42  Roach x4  
  165  7:45  Overlord  
  165  7:50  Overseer x2  
  155  7:51  Roach x2  
  155  7:52  Roach x2  
  165  7:58  Roach x3  
  165  7:59  Roach  
  165  8:06  Roach  
  165  8:07  Roach x3  
  152  8:17  Roach x3  
  152  8:18  Roach x3  
  156  8:29  Roach  
  156  8:30  Roach x4  
  156  8:45  Roach  
  156  8:46  Roach x4  
  159  8:53  Drone x3  
  149  9:15  Roach x3  
  149  9:16  Roach x2  
  157  9:22  Roach x44  
  155  9:35  Roach  
  155  9:36  Roach x4  
Tags
 
Add a new tag
Caveats
  • Supply blocks, unpowered buildings, or Contaminate may cause inaccurate times.
  • Supply counts are checked every 10 seconds.